[ AOE2 MATCH · #488042127 ]
UnrankedPoles vs Muisca
[ REPLAY ANALYSIS · EXTRACTED FROM THE RECORDED GAME ]
Feudal
10:07
Castle
17:48
Imperial
28:40
| APM avg | 53.4 |
| APM peak | 84 |
| eAPM avg | 33.5 |
| Villagers / military | 133 / 52 |
Focus
⚔️ 38.4% · 🌾 61.6%
Obuch ×42 · Scout Cavalry ×6 · Monk ×3 · Spearman ×1
Feudal
11:46
Castle
18:07
Imperial
31:21
| APM avg | 36.6 |
| APM peak | 63 |
| eAPM avg | 21.6 |
| Villagers / military | 105 / 33 |
Focus
⚔️ 27.5% · 🌾 72.5%
Monk ×24 · Fishing Ship ×20 · Unknown (2562) ×15 · Spearman ×8 · Fire Galley ×1
Feudal
13:26
Castle
17:03
Imperial
31:04
| APM avg | 63.7 |
| APM peak | 97 |
| eAPM avg | 30.7 |
| Villagers / military | 99 / 58 |
Focus
⚔️ 29.0% · 🌾 71.0%
Ratha (Ranged) ×57 · Fishing Ship ×30 · Monk ×1
Feudal
9:20
Castle
21:07
Imperial
—
| APM avg | 29.9 |
| APM peak | 62 |
| eAPM avg | 14.6 |
| Villagers / military | 78 / 55 |
Focus
⚔️ 30.9% · 🌾 69.1%
Cavalry Archer ×47 · Fishing Ship ×8 · Scout Cavalry ×8
Feudal
12:34
Castle
18:06
Imperial
26:15
| APM avg | 48.8 |
| APM peak | 97 |
| eAPM avg | 28.4 |
| Villagers / military | 108 / 92 |
Focus
⚔️ 35.2% · 🌾 64.8%
Battle Elephant ×89 · Fishing Ship ×76 · Monk ×3
Feudal
13:08
Castle
16:56
Imperial
29:06
| APM avg | 45.2 |
| APM peak | 96 |
| eAPM avg | 17.9 |
| Villagers / military | 112 / 41 |
Focus
⚔️ 24.2% · 🌾 75.8%
Knight ×41 · Fishing Ship ×29
Feudal
11:30
Castle
17:22
Imperial
30:53
| APM avg | 37.2 |
| APM peak | 88 |
| eAPM avg | 23.6 |
| Villagers / military | 155 / 31 |
Focus
⚔️ 19.3% · 🌾 80.7%
Camel Scout ×28 · Monk ×3
Feudal
11:36
Castle
15:40
Imperial
31:06
| APM avg | 58.3 |
| APM peak | 97 |
| eAPM avg | 33.5 |
| Villagers / military | 221 / 30 |
Focus
⚔️ 23.6% · 🌾 76.4%
War Elephant ×25 · Fishing Ship ×9 · Monk ×5
Match map
Initial resources + every placement click. Lines = walls · curves = elevation contours. ◆ gold · ⬟ stone · ● berries · ✦ relic · ◌ wall gap
Your base· ✓ Closed at 17:48 · 5t walls · 1 gate(s)
一剑扫秋风nelson's base· Open — unwalled flank
Oni.TaToH's base· ✓ Closed at 17:03 · 46t walls · 1 gate(s)
MrSpring84's base· Open — unwalled flank
Oni.JorDan_AoE's base· ✓ Closed at 18:06 · 15t walls · no gate
Gary_zZ's base· Open — unwalled flank
_FJ_马爆哥's base· Open — unwalled flank
Oni.dogao's base· ✓ Closed at 15:40 · 51t walls · no gate
Smoothed initial terrain · ◌ = detected wall gap · hover for details
Inputs per minute
— Oni.TheViper - - 一剑扫秋风nelson
Build order — Oni.TheViper
First 150 of 328 actions detected
| 0:00 | Create | Villager (Male) |
| 0:01 | Create | Villager (Male) |
| 0:02 | Build | House |
| 0:03 | Build | House |
| 0:06 | Create | Villager (Male) |
| 0:06 | Create | Villager (Male) |
| 1:28 | Create | Villager (Male) |
| 1:54 | Build | Lumber Camp |
| 2:00 | Create | Villager (Male) |
| 2:13 | Create | Villager (Male) |
| 2:51 | Create | Villager (Male) |
| 3:07 | Create | Villager (Male) |
| 3:33 | Build | Mill |
| 3:37 | Create | Villager (Male) |
| 3:50 | Create | Villager (Male) |
| 4:16 | Create | Villager (Male) |
| 5:02 | Create | Villager (Male) |
| 5:03 | Create | Villager (Male) |
| 5:03 | Create | Villager (Male) |
| 5:22 | Build | Mill |
| 5:44 | Create | Villager (Male) |
| 5:44 | Create | Villager (Male) |
| 5:49 | Create | Villager (Male) |
| 5:51 | Create | Villager (Male) |
| 5:54 | Create | Villager (Male) |
| 6:50 | Create | Villager (Male) |
| 7:03 | Build | Mill |
| 7:07 | Create | Villager (Male) |
| 7:40 | Research | Loom |
| 7:55 | Research | Feudal Age |
| 7:56 | Research | Loom |
| 8:03 | Build | Lumber Camp |
| 9:07 | Build | Barracks |
| 10:07 | Age | Feudal Age |
| 10:09 | Create | Villager (Male) |
| 10:11 | Research | Double-Bit Axe |
| 10:13 | Build | Stable |
| 10:18 | Create | Villager (Male) |
| 10:27 | Research | Horse Collar |
| 10:27 | Research | Horse Collar |
| 10:41 | Build | House |
| 10:53 | Build | Farm |
| 10:53 | Create | Scout Cavalry |
| 10:54 | Create | Scout Cavalry |
| 10:54 | Create | Villager (Male) |
| 11:07 | Build | Farm |
| 11:15 | Create | Villager (Male) |
| 11:27 | Create | Scout Cavalry |
| 11:32 | Build | Mining Camp |
| 11:40 | Create | Villager (Male) |
| 11:46 | Build | Farm |
| 11:56 | Create | Scout Cavalry |
| 11:57 | Create | Villager (Male) |
| 12:02 | Build | Farm |
| 12:06 | Build | Farm |
| 12:17 | Create | Villager (Male) |
| 12:18 | Build | Farm |
| 12:21 | Build | Farm |
| 12:31 | Build | House |
| 12:41 | Build | Mill |
| 13:02 | Build | House |
| 13:05 | Build | Farm |
| 13:07 | Create | Villager (Male) |
| 13:16 | Build | Farm |
| 13:19 | Create | Villager (Male) |
| 13:24 | Build | Farm |
| 13:34 | Build | Farm |
| 13:51 | Build | Farm |
| 13:57 | Build | Farm |
| 13:59 | Create | Villager (Male) |
| 14:09 | Build | Blacksmith |
| 14:37 | Build | Palisade Gate |
| 14:40 | Build | Palisade Wall |
| 14:45 | Create | Spearman |
| 15:00 | Build | House |
| 15:06 | Build | House |
| 15:08 | Research | Castle Age |
| 15:08 | Research | Castle Age |
| 15:23 | Create | Scout Cavalry |
| 15:40 | Build | Farm |
| 15:41 | Build | Farm |
| 16:14 | Create | Villager (Male) |
| 16:18 | Build | Farm |
| 16:20 | Create | Scout Cavalry |
| 16:37 | Research | Forging |
| 16:43 | Research | Gold Mining |
| 16:43 | Research | Gold Mining |
| 16:44 | Build | Farm |
| 16:45 | Build | Farm |
| 16:54 | Research | Bloodlines |
| 16:54 | Research | Bloodlines |
| 17:31 | Create | Villager (Male) |
| 17:48 | Age | Castle Age |
| 17:49 | Build | Monastery |
| 17:51 | Research | Light Cavalry (upgrade) |
| 17:51 | Research | Husbandry |
| 17:54 | Research | Heavy Plow |
| 17:54 | Research | Heavy Plow |
| 17:54 | Research | Heavy Plow |
| 18:00 | Build | Town Center |
| 18:14 | Create | Villager (Male) |
| 18:21 | Research | Bow Saw |
| 18:21 | Research | Bow Saw |
| 18:34 | Create | Monk |
| 18:35 | Create | Villager (Male) |
| 18:46 | Create | Villager (Male) |
| 19:04 | Create | Villager (Male) |
| 19:05 | Create | Villager (Male) |
| 19:06 | Create | Villager (Male) |
| 19:28 | Create | Villager (Male) |
| 19:36 | Build | Town Center |
| 19:41 | Create | Villager (Male) |
| 19:50 | Create | Villager (Male) |
| 20:01 | Create | Villager (Male) |
| 20:11 | Create | Monk |
| 20:12 | Create | Villager (Male) |
| 20:16 | Create | Monk |
| 20:27 | Create | Villager (Male) |
| 20:31 | Build | Mill |
| 20:32 | Build | Farm |
| 20:32 | Build | Farm |
| 20:33 | Build | Farm |
| 20:33 | Build | Farm |
| 20:38 | Create | Villager (Male) |
| 20:43 | Create | Villager (Male) |
| 20:52 | Build | Mill |
| 20:53 | Create | Villager (Male) |
| 21:01 | Create | Villager (Male) |
| 21:03 | Create | Villager (Male) |
| 21:04 | Create | Villager (Male) |
| 21:12 | Build | Palisade Gate |
| 21:14 | Create | Villager (Male) |
| 21:16 | Build | Farm |
| 21:17 | Build | Farm |
| 21:17 | Build | Farm |
| 21:18 | Build | Farm |
| 21:20 | Create | Villager (Male) |
| 21:23 | Create | Villager (Male) |
| 21:25 | Create | Villager (Male) |
| 21:38 | Build | Mining Camp |
| 21:46 | Create | Villager (Male) |
| 21:58 | Create | Villager (Male) |
| 22:01 | Create | Villager (Male) |
| 22:06 | Build | Farm |
| 22:07 | Build | Farm |
| 22:10 | Create | Villager (Male) |
| 22:20 | Research | Wheelbarrow |
| 22:28 | Build | Farm |
| 22:33 | Create | Villager (Male) |
| 22:46 | Build | Mill |
Build order — 一剑扫秋风nelson
First 150 of 298 actions detected
| 0:03 | Create | Villager (Male) |
| 0:04 | Build | House |
| 0:05 | Build | House |
| 0:27 | Create | Villager (Male) |
| 0:36 | Create | Villager (Male) |
| 0:52 | Create | Villager (Male) |
| 1:33 | Create | Villager (Male) |
| 1:38 | Build | Settlement |
| 2:05 | Create | Villager (Male) |
| 2:33 | Create | Villager (Male) |
| 3:01 | Create | Villager (Male) |
| 3:01 | Create | Villager (Male) |
| 3:12 | Create | Villager (Male) |
| 3:39 | Create | Villager (Male) |
| 4:18 | Create | Villager (Male) |
| 4:18 | Create | Villager (Male) |
| 4:51 | Create | Villager (Male) |
| 5:03 | Build | Dock |
| 5:05 | Build | Palisade Wall |
| 5:10 | Create | Villager (Male) |
| 5:30 | Build | House |
| 5:57 | Create | Fishing Ship |
| 5:59 | Create | Villager (Male) |
| 6:18 | Create | Villager (Male) |
| 6:22 | Build | Settlement |
| 6:45 | Create | Fishing Ship |
| 6:52 | Create | Villager (Male) |
| 7:07 | Create | Villager (Male) |
| 7:24 | Build | Palisade Wall |
| 7:28 | Create | Villager (Male) |
| 7:31 | Create | Fishing Ship |
| 7:41 | Build | Palisade Wall |
| 7:58 | Build | Palisade Wall |
| 7:59 | Build | Palisade Wall |
| 8:03 | Create | Villager (Male) |
| 8:13 | Create | Villager (Male) |
| 8:27 | Create | Fishing Ship |
| 8:35 | Create | Villager (Male) |
| 9:08 | Build | Palisade Gate |
| 9:10 | Build | Palisade Wall |
| 9:13 | Build | Palisade Wall |
| 9:14 | Build | Palisade Wall |
| 9:36 | Research | Feudal Age |
| 9:47 | Build | Dock |
| 9:52 | Create | Fishing Ship |
| 10:04 | Build | House |
| 10:39 | Build | House |
| 10:42 | Build | House |
| 10:52 | Research | Loom |
| 11:10 | Create | Fishing Ship |
| 11:12 | Create | Fishing Ship |
| 11:24 | Build | Settlement |
| 11:26 | Build | House |
| 11:29 | Build | House |
| 11:46 | Age | Feudal Age |
| 11:50 | Create | Villager (Male) |
| 11:58 | Build | Blacksmith |
| 12:03 | Build | Stone Wall |
| 12:08 | Research | Double-Bit Axe |
| 12:28 | Create | Villager (Male) |
| 12:46 | Build | Market |
| 12:57 | Build | House |
| 13:00 | Build | Stone Wall |
| 13:00 | Build | Stone Wall |
| 13:01 | Build | Stone Wall |
| 13:03 | Create | Villager (Male) |
| 13:08 | Create | Fishing Ship |
| 13:09 | Create | Fishing Ship |
| 13:24 | Build | Farm |
| 13:29 | Create | Villager (Male) |
| 13:57 | Create | Villager (Male) |
| 13:58 | Build | Farm |
| 14:02 | Build | Farm |
| 14:10 | Create | Fire Galley |
| 14:15 | Build | Farm |
| 14:18 | Create | Villager (Male) |
| 14:25 | Build | Farm |
| 14:47 | Build | Gate |
| 14:49 | Build | Stone Wall |
| 14:51 | Build | Stone Wall |
| 14:56 | Create | Villager (Male) |
| 14:57 | Build | Farm |
| 15:00 | Build | Settlement |
| 15:27 | Research | Castle Age |
| 15:42 | Build | House |
| 15:51 | Create | Fishing Ship |
| 15:57 | Build | Fish Trap |
| 16:01 | Build | Fish Trap |
| 16:06 | Build | Fish Trap |
| 16:22 | Build | Fish Trap |
| 16:32 | Research | Horse Collar |
| 16:49 | Research | Gold Mining |
| 16:49 | Research | Gold Mining |
| 17:16 | Create | Villager (Male) |
| 17:30 | Create | Villager (Male) |
| 18:07 | Age | Castle Age |
| 18:15 | Build | Town Center |
| 18:20 | Research | Heavy Plow |
| 18:23 | Research | Bow Saw |
| 18:38 | Create | Villager (Male) |
| 18:47 | Create | Fishing Ship |
| 18:48 | Create | Fishing Ship |
| 18:53 | Create | Villager (Male) |
| 19:23 | Build | Monastery |
| 19:26 | Create | Villager (Male) |
| 19:37 | Create | Villager (Male) |
| 19:52 | Create | Villager (Male) |
| 19:52 | Create | Villager (Male) |
| 19:58 | Build | Fish Trap |
| 20:01 | Build | Fish Trap |
| 20:08 | Create | Villager (Male) |
| 20:10 | Create | Monk |
| 20:39 | Create | Villager (Male) |
| 20:40 | Create | Villager (Male) |
| 20:42 | Build | Farm |
| 20:43 | Create | Villager (Male) |
| 20:53 | Create | Monk |
| 20:55 | Create | Villager (Male) |
| 20:56 | Create | Villager (Male) |
| 21:09 | Build | Castle |
| 21:17 | Build | Stone Wall |
| 21:17 | Build | Stone Wall |
| 21:19 | Build | Stone Wall |
| 21:27 | Create | Villager (Male) |
| 21:28 | Create | Monk |
| 21:30 | Create | Villager (Male) |
| 21:31 | Create | Villager (Male) |
| 21:35 | Create | Fishing Ship |
| 21:36 | Create | Fishing Ship |
| 21:36 | Create | Fishing Ship |
| 21:37 | Create | Fishing Ship |
| 22:02 | Create | Villager (Male) |
| 22:03 | Create | Villager (Male) |
| 22:09 | Build | House |
| 22:10 | Build | House |
| 22:11 | Build | House |
| 22:14 | Create | Villager (Male) |
| 22:15 | Create | Villager (Male) |
| 22:30 | Build | Town Center |
| 22:30 | Create | Unit 2562 |
| 22:32 | Create | Villager (Male) |
| 22:35 | Create | Villager (Male) |
| 22:40 | Create | Fishing Ship |
| 22:41 | Create | Fishing Ship |
| 22:48 | Create | Unit 2562 |
| 22:57 | Create | Unit 2562 |
| 23:01 | Research | Fletching |
| 23:01 | Research | Fletching |
| 23:02 | Create | Villager (Male) |
| 23:03 | Create | Villager (Male) |
Build order — Oni.TaToH
First 150 of 316 actions detected
| 0:01 | Create | Villager (Male) ×4 |
| 0:01 | Create | Villager (Male) ×4 |
| 0:02 | Build | House |
| 0:03 | Build | House |
| 1:25 | Create | Villager (Male) |
| 1:58 | Build | Lumber Camp |
| 1:59 | Create | Villager (Male) |
| 2:00 | Create | Villager (Male) |
| 2:10 | Create | Villager (Male) |
| 2:40 | Create | Villager (Male) |
| 2:57 | Create | Villager (Male) |
| 3:27 | Create | Villager (Male) |
| 3:27 | Create | Villager (Male) |
| 3:55 | Create | Villager (Male) |
| 4:09 | Build | Dock |
| 4:16 | Build | House |
| 4:20 | Build | House |
| 4:22 | Create | Villager (Male) |
| 4:54 | Create | Villager (Male) |
| 4:57 | Create | Fishing Ship |
| 5:04 | Build | Palisade Wall |
| 5:09 | Build | Palisade Wall |
| 5:11 | Create | Villager (Male) |
| 5:35 | Create | Villager (Male) |
| 5:44 | Build | House |
| 5:57 | Create | Fishing Ship |
| 5:58 | Create | Fishing Ship |
| 6:00 | Create | Villager (Male) |
| 6:15 | Create | Fishing Ship |
| 6:17 | Create | Villager (Male) |
| 6:45 | Build | House |
| 6:55 | Create | Villager (Male) |
| 6:57 | Create | Fishing Ship |
| 7:03 | Create | Villager (Male) |
| 7:18 | Create | Villager (Male) |
| 7:19 | Build | House |
| 7:56 | Build | Dock |
| 7:57 | Create | Villager (Male) |
| 8:04 | Create | Fishing Ship |
| 8:18 | Research | Loom |
| 8:23 | Build | Palisade Wall |
| 8:30 | Build | Palisade Wall |
| 8:34 | Build | Palisade Wall |
| 8:46 | Create | Fishing Ship |
| 8:53 | Create | Villager (Male) |
| 9:00 | Create | Fishing Ship |
| 9:22 | Create | Fishing Ship |
| 9:25 | Create | Villager (Male) |
| 9:35 | Create | Fishing Ship |
| 9:36 | Create | Villager (Male) |
| 9:36 | Build | House |
| 9:55 | Build | Mining Camp |
| 10:16 | Build | Mining Camp |
| 10:18 | Create | Villager (Male) |
| 10:34 | Build | House |
| 10:47 | Create | Villager (Male) |
| 10:51 | Build | Mill |
| 10:54 | Create | Fishing Ship |
| 11:04 | Build | House |
| 11:13 | Research | Feudal Age |
| 11:14 | Research | Feudal Age |
| 11:22 | Create | Fishing Ship |
| 11:46 | Create | Fishing Ship |
| 12:28 | Create | Fishing Ship |
| 12:31 | Create | Fishing Ship |
| 12:39 | Create | Villager (Male) |
| 13:14 | Create | Villager (Male) |
| 13:26 | Age | Feudal Age |
| 13:29 | Build | Market |
| 13:30 | Build | Blacksmith |
| 13:49 | Build | Lumber Camp |
| 14:23 | Research | Castle Age |
| 14:24 | Research | Castle Age |
| 14:35 | Research | Double-Bit Axe |
| 14:48 | Build | House |
| 14:49 | Build | House |
| 14:49 | Build | House |
| 14:52 | Build | Stone Wall |
| 14:54 | Build | Stone Wall |
| 14:58 | Research | Tech 906 |
| 14:59 | Research | Tech 906 |
| 15:05 | Build | Fish Trap |
| 15:25 | Build | Stone Wall |
| 15:28 | Build | Fish Trap |
| 15:32 | Build | Fish Trap |
| 15:50 | Build | Fish Trap |
| 15:58 | Build | Fish Trap |
| 16:08 | Research | Gold Mining |
| 16:15 | Create | Villager (Male) |
| 16:24 | Build | Gate |
| 16:36 | Build | Fish Trap |
| 16:42 | Build | Fish Trap |
| 17:02 | Create | Villager (Male) |
| 17:03 | Age | Castle Age |
| 17:11 | Build | Castle |
| 17:12 | Research | Bow Saw |
| 17:14 | Research | Gillnets |
| 17:14 | Research | Gillnets |
| 17:16 | Build | Fish Trap |
| 17:22 | Build | Fish Trap |
| 17:31 | Create | Villager (Male) |
| 17:46 | Create | Fishing Ship |
| 17:48 | Build | Dock |
| 17:57 | Create | Villager (Male) |
| 18:05 | Build | Lumber Camp |
| 18:16 | Create | Fishing Ship |
| 18:21 | Create | Villager (Male) |
| 18:26 | Create | Ratha (Ranged) |
| 18:31 | Build | Gate |
| 18:32 | Create | Villager (Male) |
| 18:34 | Create | Ratha (Ranged) |
| 18:45 | Create | Fishing Ship |
| 18:47 | Build | Fish Trap |
| 18:53 | Create | Ratha (Ranged) |
| 18:55 | Research | Fletching |
| 18:55 | Research | Fletching |
| 19:05 | Create | Fishing Ship |
| 19:05 | Create | Villager (Male) |
| 19:07 | Create | Ratha (Ranged) |
| 19:14 | Create | Ratha (Ranged) |
| 19:30 | Build | Monastery |
| 19:41 | Research | Wheelbarrow |
| 19:42 | Create | Ratha (Ranged) |
| 20:04 | Create | Monk |
| 20:05 | Create | Villager (Male) |
| 20:06 | Create | Fishing Ship |
| 20:07 | Create | Fishing Ship |
| 20:13 | Create | Ratha (Ranged) |
| 20:16 | Create | Villager (Male) |
| 20:19 | Create | Fishing Ship |
| 20:20 | Create | Villager (Male) |
| 20:23 | Build | Dock |
| 20:28 | Create | Ratha (Ranged) |
| 20:35 | Build | House |
| 20:36 | Build | House |
| 20:36 | Build | House |
| 20:37 | Build | House |
| 20:37 | Build | House |
| 20:41 | Build | House |
| 20:44 | Create | Ratha (Ranged) |
| 20:53 | Create | Villager (Male) |
| 21:02 | Research | Forging |
| 21:02 | Research | Forging |
| 21:05 | Research | Padded Archer Armor |
| 21:06 | Research | Padded Archer Armor |
| 21:06 | Create | Villager (Male) |
| 21:16 | Create | Fishing Ship |
| 21:18 | Build | Fish Trap |
| 21:20 | Build | Fish Trap |
| 21:20 | Build | Fish Trap |
Build order — MrSpring84
First 150 of 228 actions detected
| 0:02 | Create | Villager (Male) |
| 0:03 | Create | Villager (Male) |
| 0:03 | Create | Villager (Male) |
| 0:04 | Build | House |
| 0:06 | Build | House |
| 0:25 | Create | Villager (Male) |
| 0:25 | Create | Villager (Male) |
| 1:25 | Create | Villager (Male) |
| 1:25 | Create | Villager (Male) |
| 1:53 | Create | Villager (Male) |
| 1:53 | Create | Villager (Male) |
| 2:07 | Build | Lumber Camp |
| 2:21 | Create | Villager (Male) |
| 2:21 | Create | Villager (Male) |
| 2:52 | Create | Villager (Male) |
| 2:52 | Create | Villager (Male) |
| 2:58 | Create | Villager (Male) |
| 2:58 | Create | Villager (Male) |
| 3:04 | Build | House |
| 3:34 | Create | Villager (Male) |
| 3:35 | Create | Villager (Male) |
| 4:03 | Build | Mill |
| 4:09 | Create | Villager (Male) |
| 4:34 | Create | Villager (Male) |
| 4:36 | Create | Villager (Male) |
| 5:10 | Create | Villager (Male) |
| 5:55 | Create | Villager (Male) |
| 6:10 | Create | Villager (Male) |
| 6:33 | Research | Loom |
| 7:02 | Research | Feudal Age |
| 7:02 | Research | Feudal Age |
| 8:10 | Build | Barracks |
| 8:16 | Build | House |
| 8:22 | Create | Villager (Male) |
| 8:23 | Create | Villager (Male) |
| 9:20 | Age | Feudal Age |
| 9:22 | Build | Stable |
| 9:24 | Research | Double-Bit Axe |
| 9:26 | Research | Horse Collar |
| 9:26 | Research | Horse Collar |
| 9:37 | Build | House |
| 9:41 | Build | House |
| 9:47 | Create | Villager (Male) |
| 10:17 | Create | Scout Cavalry |
| 10:17 | Create | Scout Cavalry |
| 10:18 | Create | Scout Cavalry |
| 10:21 | Build | House |
| 10:25 | Build | Palisade Wall |
| 10:32 | Create | Villager (Male) |
| 10:51 | Build | Farm |
| 10:54 | Build | Farm |
| 11:03 | Create | Villager (Male) |
| 11:17 | Create | Scout Cavalry |
| 11:26 | Build | Farm |
| 11:32 | Create | Villager (Male) |
| 11:38 | Build | House |
| 12:03 | Create | Villager (Male) |
| 12:06 | Build | Farm |
| 12:08 | Build | Farm |
| 12:11 | Build | Farm |
| 12:14 | Build | Blacksmith |
| 12:31 | Build | Dock |
| 12:33 | Create | Villager (Male) |
| 12:53 | Create | Scout Cavalry |
| 12:53 | Create | Scout Cavalry |
| 12:53 | Create | Scout Cavalry |
| 13:05 | Create | Villager (Male) |
| 13:15 | Build | Farm |
| 13:17 | Build | Farm |
| 13:28 | Create | Scout Cavalry |
| 13:40 | Build | House |
| 13:42 | Create | Villager (Male) |
| 13:45 | Build | Mining Camp |
| 13:53 | Create | Fishing Ship |
| 13:58 | Create | Villager (Male) |
| 14:10 | Build | House |
| 14:15 | Build | Farm |
| 14:18 | Create | Fishing Ship |
| 14:19 | Create | Fishing Ship |
| 14:21 | Build | House |
| 14:33 | Create | Villager (Male) |
| 14:34 | Create | Villager (Male) |
| 14:35 | Build | Farm |
| 15:18 | Create | Villager (Male) |
| 15:32 | Create | Villager (Male) |
| 15:35 | Create | Fishing Ship |
| 15:48 | Create | Villager (Male) |
| 15:51 | Build | Farm |
| 15:52 | Build | Farm |
| 15:54 | Build | Farm |
| 15:55 | Build | Farm |
| 15:57 | Build | Farm |
| 16:05 | Build | Farm |
| 16:08 | Build | Farm |
| 16:21 | Research | Wheelbarrow |
| 16:30 | Create | Villager (Male) |
| 16:42 | Build | Lumber Camp |
| 16:45 | Create | Fishing Ship |
| 17:46 | Build | Mill |
| 17:49 | Create | Fishing Ship |
| 18:05 | Build | Lumber Camp |
| 18:27 | Research | Castle Age |
| 18:27 | Research | Castle Age |
| 18:34 | Build | Archery Range |
| 19:01 | Build | Archery Range |
| 19:05 | Research | Bloodlines |
| 19:05 | Research | Bloodlines |
| 19:06 | Research | Fletching |
| 19:06 | Research | Fletching |
| 19:11 | Create | Fishing Ship |
| 19:11 | Create | Fishing Ship |
| 19:14 | Create | Villager (Male) |
| 19:49 | Build | Archery Range |
| 19:50 | Create | Villager (Male) |
| 19:56 | Research | Gold Mining |
| 19:56 | Research | Gold Mining |
| 20:01 | Build | House |
| 20:44 | Create | Villager (Male) |
| 21:07 | Age | Castle Age |
| 21:10 | Research | Bodkin Arrow |
| 21:11 | Create | Cavalry Archer |
| 21:12 | Create | Cavalry Archer |
| 21:12 | Create | Cavalry Archer |
| 21:12 | Create | Cavalry Archer |
| 21:16 | Build | University |
| 21:26 | Build | Fish Trap |
| 21:34 | Build | House |
| 21:43 | Build | House |
| 21:44 | Build | House |
| 21:50 | Research | Padded Archer Armor |
| 21:52 | Create | Cavalry Archer |
| 21:53 | Create | Cavalry Archer |
| 21:56 | Create | Villager (Male) |
| 22:10 | Create | Villager (Male) |
| 22:15 | Build | Mining Camp |
| 22:23 | Create | Villager (Male) |
| 22:44 | Research | Ballistics |
| 22:44 | Research | Ballistics |
| 22:45 | Create | Villager (Male) |
| 22:50 | Build | House |
| 23:12 | Create | Cavalry Archer |
| 23:13 | Create | Cavalry Archer |
| 23:14 | Create | Villager (Male) |
| 23:16 | Create | Villager (Male) |
| 23:16 | Create | Villager (Male) |
| 23:28 | Create | Cavalry Archer |
| 23:32 | Create | Villager (Male) |
| 23:35 | Build | House |
| 23:39 | Build | House |
| 23:44 | Create | Cavalry Archer |
Build order — Oni.JorDan_AoE
First 150 of 455 actions detected
| 0:01 | Create | Villager (Male) |
| 0:01 | Create | Villager (Male) |
| 0:01 | Create | Villager (Male) |
| 0:03 | Build | House |
| 0:04 | Build | House |
| 0:46 | Create | Villager (Male) |
| 0:47 | Create | Villager (Male) |
| 1:27 | Create | Villager (Male) |
| 1:59 | Create | Villager (Male) |
| 1:59 | Create | Villager (Male) |
| 1:59 | Create | Villager (Male) |
| 2:17 | Create | Villager (Male) |
| 2:17 | Create | Villager (Male) |
| 2:17 | Create | Villager (Male) |
| 2:17 | Create | Villager (Male) |
| 2:26 | Build | Lumber Camp |
| 2:53 | Create | Villager (Male) |
| 2:53 | Create | Villager (Male) |
| 3:09 | Create | Villager (Male) |
| 3:09 | Create | Villager (Male) |
| 3:09 | Create | Villager (Male) |
| 3:39 | Create | Villager (Male) |
| 3:39 | Create | Villager (Male) |
| 3:39 | Create | Villager (Male) |
| 3:49 | Build | House |
| 4:02 | Create | Villager (Male) |
| 4:02 | Create | Villager (Male) |
| 4:02 | Create | Villager (Male) |
| 4:02 | Create | Villager (Male) |
| 4:22 | Build | Dock |
| 4:30 | Create | Villager (Male) |
| 4:56 | Create | Villager (Male) |
| 4:56 | Create | Villager (Male) |
| 5:08 | Create | Fishing Ship |
| 5:08 | Create | Fishing Ship |
| 5:08 | Create | Fishing Ship |
| 5:08 | Create | Fishing Ship |
| 5:19 | Create | Villager (Male) |
| 5:33 | Build | House |
| 5:34 | Build | Palisade Wall |
| 5:45 | Create | Villager (Male) |
| 5:49 | Create | Fishing Ship |
| 5:49 | Create | Fishing Ship |
| 5:49 | Create | Fishing Ship |
| 5:49 | Create | Fishing Ship |
| 5:54 | Build | Palisade Wall |
| 5:57 | Build | Palisade Wall |
| 6:05 | Create | Villager (Male) |
| 6:05 | Create | Villager (Male) |
| 6:16 | Create | Fishing Ship |
| 6:16 | Create | Fishing Ship |
| 6:39 | Create | Villager (Male) |
| 6:39 | Create | Villager (Male) |
| 6:42 | Build | House |
| 6:51 | Create | Fishing Ship |
| 7:10 | Build | Palisade Wall |
| 7:12 | Create | Villager (Male) |
| 7:12 | Create | Villager (Male) |
| 7:12 | Create | Villager (Male) |
| 7:30 | Build | Mill |
| 7:40 | Create | Villager (Male) |
| 7:40 | Create | Villager (Male) |
| 7:44 | Create | Fishing Ship |
| 7:44 | Create | Fishing Ship |
| 7:50 | Build | House |
| 8:19 | Create | Villager (Male) |
| 8:24 | Build | House |
| 8:25 | Create | Fishing Ship |
| 8:36 | Build | Palisade Wall |
| 8:38 | Build | Palisade Wall |
| 8:38 | Build | Palisade Wall |
| 8:50 | Create | Villager (Male) |
| 8:51 | Build | Lumber Camp |
| 8:54 | Build | Lumber Camp |
| 9:13 | Create | Villager (Male) |
| 9:14 | Create | Fishing Ship |
| 9:26 | Research | Loom |
| 9:49 | Build | Mining Camp |
| 9:52 | Build | Mining Camp |
| 9:59 | Create | Villager (Male) |
| 10:07 | Create | Fishing Ship |
| 10:24 | Create | Villager (Male) |
| 10:42 | Create | Fishing Ship |
| 10:50 | Build | Palisade Wall |
| 10:56 | Research | Feudal Age |
| 11:07 | Build | Dock |
| 11:22 | Build | Dock |
| 11:27 | Build | Dock |
| 11:31 | Create | Fishing Ship |
| 11:43 | Build | House |
| 11:47 | Create | Villager (Male) |
| 12:05 | Create | Fishing Ship |
| 12:09 | Create | Fishing Ship |
| 12:19 | Create | Villager (Male) |
| 12:34 | Age | Feudal Age |
| 12:37 | Research | Tech 906 |
| 12:39 | Build | Fish Trap |
| 12:40 | Research | Double-Bit Axe |
| 12:51 | Build | Fish Trap |
| 12:52 | Create | Villager (Male) |
| 12:58 | Build | Fish Trap |
| 13:04 | Create | Fishing Ship |
| 13:11 | Create | Fishing Ship |
| 13:15 | Create | Villager (Male) |
| 13:18 | Build | Fish Trap |
| 13:23 | Build | Fish Trap |
| 13:27 | Create | Villager (Male) |
| 13:28 | Build | House |
| 13:37 | Build | House |
| 13:41 | Build | House |
| 13:42 | Build | House |
| 13:45 | Create | Fishing Ship |
| 13:56 | Build | Fish Trap |
| 14:00 | Build | Fish Trap |
| 14:16 | Build | House |
| 14:19 | Create | Villager (Male) |
| 14:26 | Build | Barracks |
| 14:47 | Create | Villager (Male) |
| 14:49 | Build | Blacksmith |
| 15:00 | Create | Fishing Ship |
| 15:21 | Build | Stable |
| 15:32 | Create | Villager (Male) |
| 15:35 | Build | House |
| 15:36 | Build | House |
| 15:37 | Build | House |
| 15:49 | Create | Fishing Ship |
| 15:52 | Build | Fish Trap |
| 15:58 | Build | Fish Trap |
| 16:04 | Research | Gold Mining |
| 16:05 | Create | Villager (Male) |
| 16:19 | Build | Fish Trap |
| 16:20 | Research | Castle Age |
| 16:27 | Build | Fish Trap |
| 16:35 | Build | Fish Trap |
| 16:39 | Create | Villager (Male) |
| 17:07 | Create | Fishing Ship |
| 18:03 | Build | Fish Trap |
| 18:06 | Age | Castle Age |
| 18:08 | Create | Villager (Male) |
| 18:09 | Build | Town Center |
| 18:10 | Build | Monastery |
| 18:12 | Research | Bow Saw |
| 18:17 | Build | Town Center |
| 18:21 | Research | Gillnets |
| 18:33 | Create | Villager (Male) |
| 18:34 | Create | Fishing Ship |
| 18:40 | Build | Dock |
| 18:46 | Create | Villager (Male) |
| 18:49 | Build | Fish Trap |
| 18:53 | Create | Monk |
Build order — Gary_zZ
First 150 of 291 actions detected
| 0:01 | Create | Villager (Male) |
| 0:04 | Create | Villager (Male) |
| 0:06 | Create | Villager (Male) |
| 0:09 | Create | Villager (Male) |
| 1:25 | Create | Villager (Male) |
| 2:03 | Create | Villager (Male) |
| 2:07 | Build | Lumber Camp |
| 2:08 | Create | Villager (Male) |
| 2:40 | Create | Villager (Male) |
| 2:59 | Create | Villager (Male) |
| 3:42 | Create | Villager (Male) |
| 3:54 | Create | Villager (Male) |
| 4:20 | Build | Dock |
| 4:22 | Create | Villager (Male) |
| 4:50 | Create | Villager (Male) |
| 5:01 | Create | Fishing Ship |
| 5:21 | Create | Villager (Male) |
| 5:30 | Create | Fishing Ship |
| 5:46 | Create | Villager (Male) |
| 6:12 | Build | Mill |
| 6:15 | Research | Loom |
| 6:23 | Create | Fishing Ship |
| 6:35 | Create | Villager (Male) |
| 7:07 | Create | Villager (Male) |
| 7:08 | Create | Fishing Ship |
| 7:14 | Build | Lumber Camp |
| 7:21 | Create | Villager (Male) |
| 7:33 | Create | Villager (Male) |
| 7:47 | Build | Dock |
| 7:54 | Create | Villager (Male) |
| 8:05 | Create | Fishing Ship |
| 8:25 | Create | Fishing Ship |
| 8:35 | Create | Villager (Male) |
| 8:45 | Create | Fishing Ship |
| 8:46 | Create | Fishing Ship |
| 8:51 | Create | Villager (Male) |
| 9:00 | Build | Palisade Wall |
| 9:17 | Create | Fishing Ship |
| 9:18 | Create | Villager (Male) |
| 9:52 | Create | Villager (Male) |
| 9:54 | Build | Mining Camp |
| 9:58 | Create | Fishing Ship |
| 9:59 | Create | Fishing Ship |
| 10:18 | Build | Palisade Wall |
| 10:30 | Create | Villager (Male) |
| 10:31 | Create | Fishing Ship |
| 10:32 | Create | Fishing Ship |
| 10:58 | Research | Feudal Age |
| 10:59 | Research | Feudal Age |
| 11:08 | Build | Barracks |
| 11:22 | Create | Fishing Ship |
| 11:23 | Create | Fishing Ship |
| 11:44 | Build | Dock |
| 13:08 | Age | Feudal Age |
| 13:09 | Create | Fishing Ship |
| 13:10 | Create | Fishing Ship |
| 13:11 | Create | Villager (Male) |
| 13:13 | Build | Stable |
| 13:15 | Build | Blacksmith |
| 13:42 | Create | Villager (Male) |
| 14:01 | Build | Palisade Gate |
| 14:16 | Research | Castle Age |
| 14:16 | Research | Castle Age |
| 14:22 | Build | Fish Trap |
| 14:26 | Build | Fish Trap |
| 14:30 | Build | Fish Trap |
| 14:34 | Research | Tech 906 |
| 14:52 | Build | Fish Trap |
| 15:02 | Create | Fishing Ship |
| 15:27 | Research | Bloodlines |
| 15:32 | Build | Stable |
| 15:44 | Build | Fish Trap |
| 16:10 | Build | Fish Trap |
| 16:16 | Build | Fish Trap |
| 16:18 | Create | Villager (Male) |
| 16:29 | Research | Scale Barding Armor |
| 16:56 | Age | Castle Age |
| 16:58 | Create | Knight |
| 16:58 | Create | Knight |
| 16:59 | Create | Villager (Male) |
| 17:05 | Research | Husbandry |
| 17:13 | Build | Town Center |
| 17:23 | Create | Knight |
| 17:23 | Create | Knight |
| 17:25 | Create | Knight |
| 17:25 | Create | Knight |
| 17:46 | Create | Villager (Male) |
| 17:50 | Research | Double-Bit Axe |
| 17:54 | Research | Gillnets |
| 18:00 | Create | Knight |
| 18:20 | Build | Town Center |
| 18:26 | Create | Fishing Ship |
| 18:28 | Create | Villager (Male) |
| 18:53 | Create | Knight |
| 18:53 | Create | Knight |
| 18:54 | Create | Villager (Male) |
| 18:54 | Create | Villager (Male) |
| 19:09 | Create | Knight |
| 19:09 | Create | Knight |
| 19:10 | Create | Knight |
| 19:21 | Create | Villager (Male) |
| 19:30 | Create | Villager (Male) |
| 19:35 | Create | Fishing Ship |
| 19:36 | Create | Fishing Ship |
| 19:36 | Create | Fishing Ship |
| 19:36 | Create | Fishing Ship |
| 19:39 | Build | Fish Trap |
| 19:57 | Create | Villager (Male) |
| 19:57 | Create | Villager (Male) |
| 19:59 | Create | Villager (Male) |
| 20:18 | Research | Horse Collar |
| 20:20 | Create | Villager (Male) |
| 20:21 | Create | Fishing Ship |
| 20:22 | Build | Fish Trap |
| 20:24 | Build | Fish Trap |
| 20:47 | Build | Farm |
| 20:48 | Build | Farm |
| 20:48 | Build | Farm |
| 20:49 | Create | Villager (Male) |
| 20:55 | Create | Villager (Male) |
| 20:58 | Create | Knight |
| 21:06 | Create | Villager (Male) |
| 21:08 | Build | Lumber Camp |
| 21:09 | Build | Farm |
| 21:10 | Build | Farm |
| 21:10 | Build | Farm |
| 21:16 | Create | Fishing Ship |
| 21:18 | Create | Fishing Ship |
| 21:21 | Build | Fish Trap |
| 21:31 | Create | Villager (Male) |
| 21:31 | Create | Villager (Male) |
| 21:34 | Build | Farm |
| 21:36 | Create | Villager (Male) |
| 21:43 | Create | Knight |
| 21:43 | Create | Knight |
| 21:58 | Create | Villager (Male) |
| 22:13 | Create | Villager (Male) |
| 22:33 | Create | Villager (Male) |
| 22:35 | Create | Villager (Male) |
| 22:36 | Research | Wheelbarrow |
| 22:39 | Build | Fish Trap |
| 22:39 | Build | Fish Trap |
| 22:40 | Build | Fish Trap |
| 22:47 | Create | Villager (Male) |
| 22:50 | Build | Fish Trap |
| 22:50 | Build | Fish Trap |
| 22:51 | Build | Fish Trap |
| 22:51 | Build | Fish Trap |
| 22:52 | Create | Villager (Male) |
| 22:53 | Build | Fish Trap |
Build order — _FJ_马爆哥
First 150 of 380 actions detected
| 0:01 | Create | Villager (Male) |
| 0:01 | Create | Villager (Male) |
| 0:03 | Build | House |
| 0:04 | Build | House |
| 0:06 | Create | Villager (Male) |
| 0:06 | Create | Villager (Male) |
| 0:07 | Create | Villager (Male) |
| 0:07 | Create | Villager (Male) |
| 1:16 | Build | Mill |
| 1:40 | Create | Villager (Male) |
| 1:40 | Create | Villager (Male) |
| 1:40 | Create | Villager (Male) |
| 2:04 | Research | Loom |
| 2:29 | Create | Villager (Male) |
| 2:29 | Create | Villager (Male) |
| 3:01 | Create | Villager (Male) |
| 3:01 | Create | Villager (Male) |
| 3:24 | Create | Villager (Male) |
| 3:25 | Create | Villager (Male) |
| 3:33 | Create | Villager (Male) |
| 3:34 | Create | Villager (Male) |
| 3:51 | Create | Villager (Male) |
| 4:11 | Create | Villager (Male) |
| 4:21 | Build | House |
| 4:22 | Build | House |
| 4:30 | Build | House |
| 4:31 | Build | House |
| 4:35 | Create | Villager (Male) |
| 4:58 | Build | Lumber Camp |
| 5:41 | Create | Villager (Male) |
| 6:00 | Create | Villager (Male) |
| 6:29 | Create | Villager (Male) |
| 6:33 | Build | Mill |
| 6:53 | Create | Villager (Male) |
| 7:18 | Build | Mining Camp |
| 7:24 | Create | Villager (Male) |
| 8:05 | Create | Villager (Male) |
| 8:28 | Create | Villager (Male) |
| 8:52 | Create | Villager (Male) |
| 9:04 | Research | Feudal Age |
| 9:04 | Research | Feudal Age |
| 9:15 | Build | Barracks |
| 9:52 | Build | House |
| 10:08 | Build | House |
| 10:10 | Build | Palisade Wall |
| 10:18 | Build | Farm |
| 10:20 | Build | Farm |
| 10:24 | Build | Farm |
| 10:26 | Build | Farm |
| 11:21 | Create | Villager (Male) |
| 11:22 | Create | Villager (Male) |
| 11:30 | Age | Feudal Age |
| 11:35 | Build | Market |
| 11:37 | Build | House |
| 11:50 | Build | Stable |
| 11:53 | Build | Palisade Wall |
| 11:57 | Create | Villager (Male) |
| 12:01 | Build | Palisade Wall |
| 12:23 | Build | Palisade Gate |
| 12:40 | Build | Farm |
| 12:41 | Build | Farm |
| 12:43 | Create | Villager (Male) |
| 13:03 | Create | Villager (Male) |
| 13:19 | Build | Lumber Camp |
| 13:26 | Create | Camel Scout |
| 13:28 | Create | Villager (Male) |
| 13:31 | Build | Palisade Wall |
| 13:32 | Build | Palisade Wall |
| 13:40 | Build | Farm |
| 13:57 | Create | Villager (Male) |
| 13:58 | Build | Farm |
| 14:07 | Build | Farm |
| 14:29 | Create | Villager (Male) |
| 14:42 | Research | Castle Age |
| 14:54 | Build | Mining Camp |
| 15:06 | Research | Double-Bit Axe |
| 15:11 | Build | House |
| 15:12 | Build | House |
| 15:22 | Build | Stone Wall |
| 15:30 | Build | Stone Wall |
| 15:34 | Build | Gate |
| 15:43 | Research | Stone Mining |
| 15:51 | Research | Horse Collar |
| 15:51 | Research | Horse Collar |
| 16:09 | Research | Gold Mining |
| 16:41 | Build | Stone Wall |
| 17:09 | Create | Villager (Male) |
| 17:22 | Age | Castle Age |
| 17:26 | Build | Town Center |
| 17:30 | Research | Bow Saw |
| 17:50 | Create | Villager (Male) |
| 17:52 | Create | Villager (Male) |
| 18:17 | Build | Town Center |
| 18:26 | Create | Villager (Male) |
| 18:38 | Create | Villager (Male) |
| 18:40 | Build | Farm |
| 18:42 | Build | Farm |
| 18:45 | Build | Farm |
| 18:47 | Build | Farm |
| 18:52 | Build | Farm |
| 18:54 | Create | Villager (Male) |
| 18:54 | Create | Villager (Male) |
| 18:54 | Create | Villager (Male) |
| 19:00 | Build | Farm |
| 19:02 | Create | Villager (Male) |
| 19:14 | Build | Monastery |
| 19:24 | Create | Villager (Male) |
| 19:26 | Build | Farm |
| 19:36 | Create | Villager (Male) |
| 19:36 | Create | Villager (Male) |
| 19:44 | Build | Farm |
| 19:47 | Create | Villager (Male) |
| 19:47 | Create | Villager (Male) |
| 19:47 | Create | Villager (Male) |
| 19:55 | Build | Farm |
| 19:57 | Build | Farm |
| 19:59 | Create | Villager (Male) |
| 20:05 | Create | Villager (Male) |
| 20:05 | Create | Villager (Male) |
| 20:05 | Create | Villager (Male) |
| 20:07 | Build | Farm |
| 20:10 | Create | Villager (Male) |
| 20:10 | Create | Villager (Male) |
| 20:17 | Build | Farm |
| 20:23 | Build | Farm |
| 20:26 | Create | Villager (Male) |
| 20:26 | Create | Villager (Male) |
| 20:26 | Create | Villager (Male) |
| 20:30 | Create | Villager (Male) |
| 20:30 | Create | Villager (Male) |
| 20:35 | Build | House |
| 20:36 | Build | House |
| 20:39 | Create | Villager (Male) |
| 20:39 | Create | Villager (Male) |
| 20:49 | Create | Monk |
| 20:49 | Create | Monk |
| 20:51 | Create | Villager (Male) |
| 20:51 | Create | Villager (Male) |
| 20:58 | Build | Lumber Camp |
| 21:01 | Create | Villager (Male) |
| 21:02 | Create | Villager (Male) |
| 21:02 | Create | Villager (Male) |
| 21:07 | Create | Villager (Male) |
| 21:07 | Create | Villager (Male) |
| 21:08 | Build | Farm |
| 21:19 | Create | Villager (Male) |
| 21:20 | Create | Villager (Male) |
| 21:31 | Create | Villager (Male) |
| 21:32 | Create | Villager (Male) |
| 21:32 | Create | Villager (Male) |
Build order — Oni.dogao
First 150 of 491 actions detected
| 0:02 | Create | Villager (Male) ×5 |
| 0:03 | Build | House |
| 0:04 | Build | House |
| 1:30 | Create | Villager (Male) |
| 1:30 | Create | Villager (Male) |
| 2:04 | Create | Villager (Male) |
| 2:04 | Create | Villager (Male) |
| 2:04 | Create | Villager (Male) |
| 2:22 | Create | Villager (Male) |
| 2:23 | Create | Villager (Male) |
| 3:00 | Build | Lumber Camp |
| 3:08 | Create | Villager (Male) |
| 3:08 | Create | Villager (Male) |
| 3:18 | Create | Villager (Male) |
| 3:18 | Create | Villager (Male) |
| 3:44 | Build | House |
| 3:52 | Create | Villager (Male) |
| 3:52 | Create | Villager (Male) |
| 3:58 | Build | Dock |
| 4:00 | Build | Palisade Wall |
| 4:02 | Build | Palisade Wall |
| 4:20 | Create | Villager (Male) |
| 4:21 | Create | Villager (Male) |
| 4:43 | Create | Fishing Ship |
| 4:46 | Create | Villager (Male) |
| 4:47 | Create | Villager (Male) |
| 5:08 | Create | Villager (Male) |
| 5:09 | Create | Villager (Male) |
| 5:11 | Create | Fishing Ship |
| 5:25 | Build | House |
| 5:33 | Research | Loom |
| 5:39 | Create | Villager (Male) |
| 5:39 | Create | Villager (Male) |
| 5:41 | Create | Fishing Ship |
| 5:41 | Create | Fishing Ship |
| 5:41 | Create | Fishing Ship |
| 6:03 | Create | Villager (Male) |
| 6:03 | Create | Villager (Male) |
| 6:18 | Build | Mill |
| 6:21 | Research | Loom |
| 6:21 | Research | Loom |
| 6:22 | Research | Loom |
| 6:47 | Create | Fishing Ship |
| 6:48 | Create | Villager (Male) |
| 6:48 | Create | Villager (Male) |
| 6:48 | Create | Villager (Male) |
| 7:12 | Build | Farm |
| 7:14 | Build | Farm |
| 7:19 | Create | Villager (Male) |
| 7:29 | Build | Farm |
| 7:44 | Build | House |
| 7:45 | Create | Villager (Male) |
| 8:05 | Create | Fishing Ship |
| 8:09 | Create | Villager (Male) |
| 8:25 | Create | Fishing Ship |
| 8:39 | Build | Farm |
| 8:46 | Create | Villager (Male) |
| 9:08 | Build | Farm |
| 9:09 | Create | Villager (Male) |
| 9:32 | Research | Feudal Age |
| 9:32 | Research | Feudal Age |
| 9:32 | Research | Feudal Age |
| 9:55 | Build | Mining Camp |
| 10:04 | Create | Fishing Ship |
| 10:11 | Build | Palisade Wall |
| 10:13 | Build | House |
| 10:29 | Build | Palisade Wall |
| 10:58 | Build | Palisade Wall |
| 10:59 | Build | Palisade Wall |
| 11:31 | Create | Villager (Male) |
| 11:31 | Create | Villager (Male) |
| 11:31 | Create | Villager (Male) |
| 11:36 | Age | Feudal Age |
| 11:40 | Build | Blacksmith |
| 12:10 | Build | Market |
| 12:14 | Build | Palisade Wall |
| 12:23 | Create | Villager (Male) |
| 12:49 | Build | House |
| 13:09 | Build | Palisade Wall |
| 13:12 | Build | Farm |
| 13:15 | Research | Castle Age |
| 13:15 | Research | Castle Age |
| 13:25 | Build | Palisade Wall |
| 13:26 | Build | Palisade Wall |
| 13:27 | Build | Palisade Wall |
| 13:30 | Build | Palisade Wall |
| 13:30 | Build | Palisade Wall |
| 13:34 | Build | Palisade Wall |
| 13:35 | Build | Palisade Wall |
| 13:36 | Build | Palisade Wall |
| 13:38 | Build | Palisade Wall |
| 13:38 | Research | Double-Bit Axe |
| 13:38 | Research | Double-Bit Axe |
| 13:40 | Build | Palisade Wall |
| 13:41 | Build | Palisade Wall |
| 14:21 | Build | House |
| 14:43 | Build | Palisade Wall |
| 14:46 | Build | Palisade Wall |
| 14:54 | Build | Palisade Wall |
| 14:55 | Build | Palisade Wall |
| 14:56 | Build | Palisade Wall |
| 14:57 | Build | Palisade Wall |
| 15:09 | Build | Farm |
| 15:10 | Research | Horse Collar |
| 15:10 | Research | Horse Collar |
| 15:10 | Research | Horse Collar |
| 15:40 | Age | Castle Age |
| 15:42 | Create | Villager (Male) |
| 15:42 | Create | Villager (Male) |
| 15:47 | Build | Town Center |
| 15:52 | Research | Bow Saw |
| 15:52 | Research | Bow Saw |
| 15:52 | Research | Bow Saw |
| 16:07 | Create | Villager (Male) |
| 16:39 | Build | Town Center |
| 16:43 | Create | Villager (Male) |
| 16:54 | Create | Villager (Male) |
| 17:08 | Build | Farm |
| 17:11 | Create | Villager (Male) |
| 17:11 | Create | Villager (Male) |
| 17:11 | Create | Villager (Male) |
| 17:12 | Create | Villager (Male) |
| 17:13 | Create | Villager (Male) |
| 17:13 | Create | Villager (Male) |
| 17:26 | Build | House |
| 17:34 | Research | Heavy Plow |
| 17:41 | Create | Villager (Male) |
| 17:41 | Create | Villager (Male) |
| 17:53 | Create | Villager (Male) |
| 17:54 | Create | Villager (Male) |
| 17:54 | Create | Villager (Male) |
| 17:54 | Create | Villager (Male) |
| 18:07 | Build | Farm |
| 18:08 | Build | Farm |
| 18:10 | Build | Farm |
| 18:16 | Create | Villager (Male) |
| 18:16 | Create | Villager (Male) |
| 18:16 | Create | Villager (Male) |
| 18:21 | Build | Farm |
| 18:23 | Build | Farm |
| 18:24 | Create | Villager (Male) |
| 18:24 | Create | Villager (Male) |
| 18:30 | Build | Farm |
| 18:31 | Create | Villager (Male) |
| 18:31 | Create | Villager (Male) |
| 18:31 | Create | Villager (Male) |
| 18:34 | Build | House |
| 18:37 | Create | Villager (Male) |
| 18:38 | Create | Villager (Male) |
| 18:49 | Create | Villager (Male) |
Match timeline
| 3:58 | Oni.dogao · first_building Dock |
| 4:00 | Oni.dogao · wall_segment Palisade Wall x1 |
| 4:02 | Oni.dogao · wall_segment Palisade Wall x1 |
| 4:09 | Oni.TaToH · first_building Dock |
| 4:20 | Gary_zZ · first_building Dock |
| 4:22 | Oni.JorDan_AoE · first_building Dock |
| 5:03 | 一剑扫秋风nelson · first_building Dock |
| 5:04 | Oni.TaToH · wall_segment Palisade Wall x7 |
| 5:05 | 一剑扫秋风nelson · wall_segment Palisade Wall x1 |
| 5:09 | Oni.TaToH · wall_segment Palisade Wall x9 |
| 5:34 | Oni.JorDan_AoE · wall_segment Palisade Wall x1 |
| 5:54 | Oni.JorDan_AoE · wall_segment Palisade Wall x1 |
| 5:57 | Oni.JorDan_AoE · wall_segment Palisade Wall x1 |
| 7:10 | Oni.JorDan_AoE · wall_segment Palisade Wall x8 |
| 7:24 | 一剑扫秋风nelson · wall_segment Palisade Wall x12 |
| 7:41 | 一剑扫秋风nelson · wall_segment Palisade Wall x15 |
| 7:58 | 一剑扫秋风nelson · wall_segment Palisade Wall x1 |
| 7:59 | 一剑扫秋风nelson · wall_segment Palisade Wall x1 |
| 8:10 | MrSpring84 · first_building Barracks |
| 8:23 | Oni.TaToH · wall_segment Palisade Wall x13 |
| 8:30 | Oni.TaToH · wall_segment Palisade Wall x3 |
| 8:34 | Oni.TaToH · wall_segment Palisade Wall x10 |
| 8:36 | Oni.JorDan_AoE · wall_segment Palisade Wall x1 |
| 8:38 | Oni.JorDan_AoE · wall_segment Palisade Wall x1 |
| 8:38 | Oni.JorDan_AoE · wall_segment Palisade Wall x1 |
| 9:00 | Gary_zZ · wall_segment Palisade Wall x12 |
| 9:07 | Oni.TheViper · first_building Barracks |
| 9:10 | 一剑扫秋风nelson · wall_segment Palisade Wall x4 |
| 9:13 | 一剑扫秋风nelson · wall_segment Palisade Wall x3 |
| 9:14 | 一剑扫秋风nelson · wall_segment Palisade Wall x3 |
| 9:15 | _FJ_马爆哥 · first_building Barracks |
| 9:20 | MrSpring84 · age_up feudal |
| 9:22 | MrSpring84 · first_building Stable |
| 10:07 | Oni.TheViper · age_up feudal |
| 10:10 | _FJ_马爆哥 · wall_segment Palisade Wall x13 |
| 10:11 | Oni.dogao · wall_segment Palisade Wall x6 |
| 10:13 | Oni.TheViper · first_building Stable |
| 10:18 | Gary_zZ · wall_segment Palisade Wall x6 |
| 10:25 | MrSpring84 · wall_segment Palisade Wall x7 |
| 10:29 | Oni.dogao · wall_segment Palisade Wall x9 |
| 10:50 | Oni.JorDan_AoE · wall_segment Palisade Wall x1 |
| 10:58 | Oni.dogao · wall_segment Palisade Wall x6 |
| 10:59 | Oni.dogao · wall_segment Palisade Wall x9 |
| 11:08 | Gary_zZ · first_building Barracks |
| 11:30 | _FJ_马爆哥 · age_up feudal |
| 11:36 | Oni.dogao · age_up feudal |
| 11:46 | 一剑扫秋风nelson · age_up feudal |
| 11:50 | _FJ_马爆哥 · first_building Stable |
| 11:53 | _FJ_马爆哥 · wall_segment Palisade Wall x10 |
| 12:01 | _FJ_马爆哥 · wall_segment Palisade Wall x1 |
| 12:03 | 一剑扫秋风nelson · wall_segment Stone Wall x8 |
| 12:14 | Oni.dogao · wall_segment Palisade Wall x4 |
| 12:31 | MrSpring84 · first_building Dock |
| 12:34 | Oni.JorDan_AoE · age_up feudal |
| 12:58 | _FJ_马爆哥 · first_market_buy 100 food |
| 13:00 | 一剑扫秋风nelson · wall_segment Stone Wall x1 |
| 13:00 | 一剑扫秋风nelson · wall_segment Stone Wall x1 |
| 13:01 | 一剑扫秋风nelson · wall_segment Stone Wall x2 |
| 13:08 | Gary_zZ · age_up feudal |
| 13:09 | Oni.dogao · wall_segment Palisade Wall x1 |
| 13:13 | Gary_zZ · first_building Stable |
| 13:25 | Oni.dogao · wall_segment Palisade Wall x1 |
| 13:26 | Oni.TaToH · age_up feudal |
| 13:26 | Oni.dogao · wall_segment Palisade Wall x1 |
| 13:27 | Oni.dogao · wall_segment Palisade Wall x1 |
| 13:30 | Oni.dogao · wall_segment Palisade Wall x1 |
| 13:30 | Oni.dogao · wall_segment Palisade Wall x1 |
| 13:31 | _FJ_马爆哥 · wall_segment Palisade Wall x1 |
| 13:32 | _FJ_马爆哥 · wall_segment Palisade Wall x1 |
| 13:34 | Oni.dogao · wall_segment Palisade Wall x1 |
| 13:35 | Oni.dogao · wall_segment Palisade Wall x1 |
| 13:36 | Oni.dogao · wall_segment Palisade Wall x1 |
| 13:38 | Oni.dogao · wall_segment Palisade Wall x1 |
| 13:40 | Oni.dogao · wall_segment Palisade Wall x1 |
| 13:41 | Oni.dogao · wall_segment Palisade Wall x1 |
| 14:20 | Oni.TaToH · first_market_buy 100 wood |
| 14:23 | Oni.TaToH · first_market_sell 100 wood |
| 14:26 | Oni.JorDan_AoE · first_building Barracks |
| 14:27 | _FJ_马爆哥 · first_market_sell 100 wood |
| 14:40 | Oni.TheViper · wall_segment Palisade Wall x5 |
| 14:43 | Oni.dogao · wall_segment Palisade Wall x1 |
| 14:46 | Oni.dogao · wall_segment Palisade Wall x1 |
| 14:49 | 一剑扫秋风nelson · wall_segment Stone Wall x1 |
| 14:51 | 一剑扫秋风nelson · wall_segment Stone Wall x4 |
| 14:52 | Oni.TaToH · wall_segment Stone Wall x3 |
| 14:54 | Oni.TaToH · wall_segment Stone Wall x1 |
| 14:54 | Oni.dogao · wall_segment Palisade Wall x1 |
| 14:55 | Oni.dogao · wall_segment Palisade Wall x1 |
| 14:56 | Oni.dogao · wall_segment Palisade Wall x1 |
| 14:57 | Oni.dogao · wall_segment Palisade Wall x1 |
| 15:21 | Oni.JorDan_AoE · first_building Stable |
| 15:22 | _FJ_马爆哥 · wall_segment Stone Wall x12 |
| 15:25 | Oni.TaToH · wall_segment Stone Wall x9 |
| 15:30 | _FJ_马爆哥 · wall_segment Stone Wall x10 |
| 15:40 | Oni.dogao · age_up castle |
| 16:31 | Oni.dogao · first_market_buy 100 wood |
| 16:41 | _FJ_马爆哥 · wall_segment Stone Wall x11 |
| 16:56 | Gary_zZ · age_up castle |
| 17:03 | Oni.TaToH · age_up castle |
| 17:11 | Oni.TaToH · first_building Castle |
| 17:22 | _FJ_马爆哥 · age_up castle |
| 17:48 | Oni.TheViper · age_up castle |
| 17:49 | Oni.TheViper · first_building Monastery |
| 18:06 | Oni.JorDan_AoE · age_up castle |
| 18:07 | 一剑扫秋风nelson · age_up castle |
| 18:10 | Oni.JorDan_AoE · first_building Monastery |
| 18:34 | MrSpring84 · first_building Archery Range |
| 19:05 | Oni.dogao · first_building Monastery |
| 19:14 | _FJ_马爆哥 · first_building Monastery |
| 19:23 | 一剑扫秋风nelson · first_building Monastery |
| 19:23 | Oni.dogao · wall_segment Stone Wall x6 |
| 19:30 | Oni.TaToH · first_building Monastery |
| 21:00 | Oni.dogao · wall_segment Stone Wall x8 |
| 21:07 | MrSpring84 · age_up castle |
| 21:09 | 一剑扫秋风nelson · first_building Castle |
| 21:17 | 一剑扫秋风nelson · wall_segment Stone Wall x2 |
| 21:17 | 一剑扫秋风nelson · wall_segment Stone Wall x3 |
| 21:19 | 一剑扫秋风nelson · wall_segment Stone Wall x3 |
| 22:06 | Oni.dogao · first_building Barracks |
| 22:18 | Oni.JorDan_AoE · wall_segment Palisade Wall x1 |
| 22:20 | Oni.JorDan_AoE · wall_segment Palisade Wall x1 |
| 22:25 | 一剑扫秋风nelson · first_market_buy 100 stone |
| 23:54 | 一剑扫秋风nelson · first_market_sell 100 wood |
| 24:15 | Gary_zZ · first_building Monastery |
| 24:49 | Oni.dogao · wall_segment Stone Wall x6 |
| 24:50 | Gary_zZ · wall_segment Palisade Wall x3 |
| 24:59 | Oni.dogao · wall_segment Stone Wall x2 |
| 25:01 | Oni.dogao · wall_segment Stone Wall x1 |
| 25:53 | Oni.TaToH · first_building Barracks |
| 26:07 | Oni.TheViper · wall_segment Palisade Wall x1 |
| 26:07 | Oni.TheViper · wall_segment Palisade Wall x1 |
| 26:15 | Oni.JorDan_AoE · age_up imperial |
| 26:55 | Oni.JorDan_AoE · wall_segment Palisade Wall x1 |
| 28:05 | _FJ_马爆哥 · first_building Castle |
| 28:14 | Oni.dogao · first_market_sell 100 food |
| 28:21 | Oni.TaToH · first_building Stable |
| 28:38 | Oni.JorDan_AoE · first_building Castle |
| 28:40 | Oni.TheViper · first_building Castle |
| 28:40 | Oni.TheViper · age_up imperial |
| 28:41 | Oni.dogao · first_building Castle |
| 28:57 | Oni.JorDan_AoE · wall_segment Palisade Wall x1 |
| 29:06 | Gary_zZ · age_up imperial |
| 29:31 | Oni.dogao · first_building Stable |
| 30:14 | 一剑扫秋风nelson · first_building Barracks |
| 30:17 | MrSpring84 · first_building Monastery |
| 30:39 | Oni.TheViper · first_market_buy 100 stone |
| 30:53 | _FJ_马爆哥 · age_up imperial |
| 31:04 | Oni.TaToH · age_up imperial |
| 31:06 | Oni.dogao · age_up imperial |
| 31:21 | 一剑扫秋风nelson · age_up imperial |
| 32:04 | 一剑扫秋风nelson · resign |
[ AI ANALYSIS · 1 CREDIT ]
What really happened in this match?
Wolo.gg analyzes every decision: build order, eco, micro, common mistakes by bracket. Personalized analysis on WhatsApp or Discord in 30 seconds.
Civ guide
Poles
Perfil
Jugador #196240